Arudna, chaotic male elven Wizard ---------------- --------- ---------------- |..{...........-#######..*.....| #|..............| |..............| # |.......-# #|.....<........| |..............|#######........|# #----------|----- ------------|--- # |.......|# # # ## ### ---------# # ### # # # # # # ### ##### # # ---.- # # # #### # |...| ------ ### ##### #------# |...| |....| # # # #.....|# |{..|##########..r@.| #### ##### |....|# |...|# |....| -----+- # # |.....# |....##########.....| |.....-##(### |....|### |...|# ------ |..>..| # |....|# # -----# |.....-#+ |.....# ########## |.....| ------ ------- Arudna the Thaumaturge Experience level: 6 Strength: 14 Dexterity: 13 Constitution: 12 Intelligence: 20 Wisdom: 10 Charisma: 8 Health: 0(29) Energy: 4(77) AC: 9 Gold: 429 Moves: 2307 Your Inventory: Coins $ - 429 gold pieces Weapons a - a blessed +1 quarterstaff B - an [uncursed +0] dagger (weapon in hand) Armor b - an uncursed +0 cloak of magic resistance (being worn) s - an [uncursed +0] iron skull cap [orcish helm] A - an [uncursed +0] large round shield [dwarvish roundshield] Comestibles x - an [uncursed] lembas wafer Scrolls i - an uncursed scroll of enchant weapon j - an uncursed scroll of identify k - an uncursed scroll of scare monster w - 2 [blessed] scrolls labeled ANDOVA BEGARIN [of light] z - an [uncursed] scroll labeled READ ME [of magic mapping] Spellbooks l - a blessed spellbook of force bolt m - an uncursed spellbook of create monster t - an [uncursed] spellbook of haste self Potions f - an uncursed potion of gain energy g - an uncursed potion of gain ability h - an uncursed potion of speed Rings d - an uncursed ring of see invisible e - an uncursed ring of teleportation r - an [uncursed] plain ring [of levitation] Wands c - an uncursed wand of secret door detection (0:13) v - an [uncursed] bronze wand [of lightning (0:8)] Tools n - an uncursed wooden flute q - an [uncursed tin] whistle Spells known in the end: Name Level Category Fail Memory a - force bolt 1 attack 0% [||||||||] b - create monster 2 clerical 29% [||||||||] c - haste self 3 escape 63% [||||||||] Your skills at the end: Fighting Skills Weapon Skills quarterstaff [Basic / Expert] Spellcasting Skills attack spells [Basic / Expert] enchantment spells [Basic / Skilled] Final Attributes: You were piously aligned. Hunger level was 613. Your alignment was 21 / 21. Monster difficulty range was 0 - 5. Level difficulty was 4. You were immune to sleep. You were magic-protected. You saw invisible. You were telepathic. You had infravision. Your luck was zero. You are dead. Vanquished creatures: an enormous rat a gnome lord a giant ant 2 floating eyes 2 dwarves an orc zombie a werejackal an acid blob a coyote 5 manes a yellow mold 5 gnomes 2 garter snakes 2 geckos 8 jackals a goblin 4 sewer rats 6 grid bugs 4 lichens 4 kobold zombies 4 newts 57 creatures vanquished. Voluntary challenges: You were an atheist. You used a wielded weapon 25 times. You read items or engraved 2 times. You put on armor 1 time. You never genocided any monsters. You never polymorphed an object. You never changed form. You used no wishes. You never wrote Elbereth's name. You never encountered a bones level. You never used any Sokoban shortcuts. Dungeon overview: The Dungeons of Doom: levels 1 to 4 Level 1 a fountain a long staircase Level 2 some fountains Level 3 a weapon shop Level 4 <- You were here some fountains stairs to The Gnomish Mines The Gnomish Mines: Level 5 stairs to The Dungeons of Doom History has recorded: On T:1 you entered the Dungeons of Doom to retrieve the Amulet of Yendor! On T:572 you reached level 2 of The Dungeons of Doom. On T:832 you advanced to experience level 2. On T:1068 you advanced to experience level 3. On T:1172 you reached level 3 of The Dungeons of Doom. On T:1213 you advanced to experience level 4. On T:1433 you reached level 4 of The Dungeons of Doom. On T:1728 you advanced to experience level 5. On T:1839 you reached level 1 of The Gnomish Mines. On T:2077 you advanced to experience level 6. Latest messages: The spell misses the rock mole. The spell misses the rock mole. [HP+1=13] [HP+1=14] [HP+1=15] You hit the rock mole. [HP+1=16] You miss the rock mole. (2x) The rock mole bites! [HP-5=11] You miss the rock mole. (3x) You hit the rock mole. The rock mole bites! [HP-5=6] You miss the rock mole. (2x) You hit the rock mole. You miss the rock mole. The rock mole bites! You die... Final status: Goodbye Arudna the Wizard... You died in The Dungeons of Doom on dungeon level 4 with 1801 points, and 429 pieces of gold, after 2307 moves. You were level 6 with a maximum of 29 hit points when you died.